 Dungeon Crawl Stone Soup version 0.27-a0-1196-g3e9cee4cb2 (webtiles) character file.

Game seed: 10092708694012168970

56 Kinoniko the Chopper (level 3, 1/31 HPs)
             Began as a Ghoul Monk on May 29, 2021.
             Quit the game on level 2 of the Dungeon.
             The game lasted 00:01:24 (1408 turns).

Kinoniko the Chopper (Ghoul Monk)                   Turns: 1408, Time: 00:01:25

Health: 1/31       AC:  3    Str: 15    XL:     3   Next: 95%
Magic:  2/2        EV: 12    Int:  5    God:
Gold:   44         SH:  0    Dex: 11    Spells: 2/2 levels left

rFire    . . .     SeeInvis .   a - +0 hand axe
rCold    + . .     Faith    .   (no shield)
rNeg     + + +     Spirit   .   b - +0 robe
rPois    ∞         Reflect  .   (no helmet)
rElec    .         Harm     .   (no cloak)
rCorr    .         Rampage  .   (no gloves)
Will     .....                  d - +0 pair of boots
Stlth    ++........             (no amulet)
HPRegen  0.00/turn              (no ring)
MPRegen  0.08/turn              (no ring)

@: no status effects
A: claws 1, cold resistance 1, negative energy resistance 3, inhibited
regeneration, torment resistance 2
a: no special abilities


You were on level 2 of the Dungeon.
You visited 1 branch of the dungeon, and saw 2 of its levels.

You collected 44 gold pieces.

Inventory:

Hand Weapons
 a - a +0 hand axe (weapon)
Armour
 b - a +0 robe (worn)
 d - a +0 pair of boots (worn)
Scrolls
 c - a scroll of identify {unknown}
 e - 2 scrolls of teleportation {unknown}
 g - a scroll of enchant armour {unknown}


   Skills:
 - Level 3.2 Fighting
 * Level 4.3 Axes
 - Level 2.6 Dodging
 - Level 2.1 Stealth


You had 2 spell levels left.
You didn't know any spells.
Your spell library was empty.

Dungeon Overview and Level Annotations

Branches:
Dungeon (2/15)

Altars:


Innate Abilities, Weirdness & Mutations

You thrive by killing the living.
You are immune to poison.
You have sharp fingernails.
Your flesh is cold resistant. (rC+)
You are immune to negative energy. (rN+++)
You do not regenerate when monsters are visible.
You are immune to unholy pain and torment.


Message History

A gnoll comes into view. It is wielding a +0 flail.
Found a stone staircase leading down.
The gnoll hits you with a +0 spear.
You closely miss the gnoll. The gnoll barely misses you.
You barely miss the gnoll.
A gnoll comes into view. It is wielding a +0 halberd.
The gnoll hits you with a +0 spear.
You barely miss the gnoll. You closely miss the gnoll.
The gnoll hits you with a +0 flail.
A gnoll comes into view. It is wielding a +0 spear.
The gnoll hits you with a +0 spear.
You hit the gnoll.
The gnoll is moderately wounded.
You hit the gnoll.
A ball python comes into view.
The gnoll hits you with a +0 flail! The gnoll barely misses you.
You are too injured to fight recklessly!
You are too injured to fight recklessly!
You are too injured to fight recklessly!
You are too injured to fight recklessly!
You are too injured to fight recklessly!
You are too injured to fight recklessly!
You are too injured to fight recklessly!
You are too injured to fight recklessly!
You are too injured to fight recklessly!
You are too injured to fight recklessly!
You are too injured to fight recklessly!
You are too injured to fight recklessly!
You are too injured to fight recklessly!
You are too injured to fight recklessly!
Unknown command.
It was a potion of magic.
Magic courses through your body.
The gnoll shouts!
The ball python hisses angrily.
The gnoll barely misses you. The gnoll hits you with a +0 spear.
* * * LOW HITPOINT WARNING * * *
It was a potion of cancellation.
You feel magically purged. The gnoll hits you with a +0 flail.
* * * LOW HITPOINT WARNING * * *
The gnoll completely misses you.
Are you sure you want to abandon this character and quit the game? (Confirm with "yes".)

#..... #....# ###..
#....# #. ......
.....#...
......#####...g.S..
......#.. ......... #
##....#.###.g...... .
..........@g.g.># .##.
#.###...†.........
.##.###.###........####.
.##.......#...........
..........'............
.##.......#.............
.##.......#........#####
.....##.###........#
.##.###.########...#


You could see 4 gnolls and a ball python.

Vanquished Creatures
  A gnoll (D:1)
  5 ball pythons
  3 endoplasms (D:1)
  5 giant cockroaches
  3 goblins (D:1)
  2 hobgoblins (D:1)
  9 jackals
  3 kobolds
  2 quokkas (D:1)
  2 bats (D:1)
  2 frilled lizards
  A rat (D:1)
38 creatures vanquished.

Notes
Turn   | Place    | Note
-------+----------+-------------------------------------------
     0 | D:1      | Kinoniko the Ghoul Monk began the quest for the Orb.
     0 | D:1      | Reached XP level 1. HP: 19/19 MP: 0/0
   170 | D:1      | Reached skill level 3 in Axes
   208 | D:1      | Reached XP level 2. HP: 24/26 MP: 1/1
   412 | D:1      | Reached XP level 3. HP: 13/31 MP: 2/2
   743 | D:1      | Reached skill level 4 in Axes
  1407 | D:2      | HP: 1/31 [gnoll/+0 flail (5)]
  1408 | D:2      | Quit the game

Illustrated notes

Levels and vault maps discovered:
D:1:      minmay_arrival_plants_in_alcoves, layout_loops_cross
D:2:      layout_basic, hellmonk_ecumenical_altar_crossroads,
          minmay_diced_spiral

Skill      XL: |  1  2  3 |
---------------+----------+-----
Axes           | 3 4 |  4.3
Fighting       | |  3.2
Dodging        | |  2.6
Stealth        | |  2.1

Action                   || total
-------------------------++-------
Melee: Hand axe          ||   150
  Use: Potion            ||     2
 Stab: Sleeping          ||     7
Armor: Robe              ||    44
Dodge: Dodged            ||   101

Table legend: (Time is in decaauts)
 A = Elapsed time spent in this place.
 B = Non-inter-level travel time spent in this place.
 C = Inter-level travel time spent in this place.
 D = Time resting spent in this place.
 E = Time spent auto-exploring this place.
 F = Levels seen in this place.
 G = Mean time per level.
                   A        B        C        D        E       F      G
               +--------+--------+--------+--------+--------+-----+--------+
         Total |   1424 |   1325 |     99 |    175 |    870 |   2 |  712.0 |
       Dungeon |   1424 |   1325 |     99 |    175 |    870 |   2 |  712.0 |
               +--------+--------+--------+--------+--------+-----+--------+

Top non-repeatable levels by time:
     D:1: 1302 daAuts
     D:2: 121 daAuts
